 Dungeon Crawl Stone Soup version 0.26-b1-52-g61e05abef2 (webtiles) character file.

Game seed: 13583444685474669581

11001 raceaflais the Cleaver (level 11, -1/130 HPs)
             Began as a Demonspawn Berserker on Jan 7, 2021.
             Was a High Priest of Trog.
             Slain by a warg (6 damage)
             ... on level 2 of the Orcish Mines.
             The game lasted 00:26:03 (11654 turns).

raceaflais the Cleaver (Demonspawn Berserker)      Turns: 11654, Time: 00:26:05

Health: -1/130     AC: 17    Str: 18 (21) XL:     11   Next: 43%
Magic:  11/11      EV:  2    Int:  2 (6)  God:    Trog [*****.]
Gold:   1643       SH:  9    Dex: 18 (19) Spells: 10/10 levels left

rFire    . . .     SeeInvis .   C - +0 broad axe "Exkumak" {vorpal, Stlth+}
rCold    . . .     Faith    +   H - +0 kite shield
rNeg     + + +     Spirit   .   (armour currently unavailable)
rPois    +         Reflect  .   (helmet currently unavailable)
rElec    .         Harm     .   (cloak currently unavailable)
rCorr    .         Rampage  .   (gloves currently unavailable)
Will     .....     NoTele   +   (boots unavailable)
Stlth    ++++......             d - amulet of faith
HPRegen  0.31/turn              u - +6 ring of dexterity
MPRegen  0.12/turn              F - +4 ring of evasion

@: tree-form, corroded, berserk cooldown, slowed, very slow
A: demonic guardian 2, dopey 1
a: Renounce Religion, Berserk, Trog's Hand, Brothers in Arms


You were on level 2 of the Orcish Mines.
You worshipped Trog.
Trog was extremely pleased with you.
You were a tree.
You visited 2 branches of the dungeon, and saw 11 of its levels.

You collected 1643 gold pieces.

Inventory:

Hand Weapons
 c - a +1 war axe
 e - a +2 arbalest of flaming
 C - the +0 broad axe "Exkumak" (weapon) {vorpal, Stlth+}
   (Trog gifted it to you on level 9 of the Dungeon)

   It inflicts extra damage upon your enemies.
   It makes you more stealthy.
Missiles
 b - 39 poisoned darts
 f - 28 bolts
 n - 6 atropa-tipped darts
 G - 3 boomerangs of dispersal
Armour
 m - a +2 pair of gloves (melded)
 s - a +0 helmet (melded)
 t - a +2 cloak (melded)
 z - +0 steam dragon scales (melded)
 B - the +0 pair of boots "Zenougil" {rN+ Str+2 Dex+2}
   (You found it on level 6 of the Dungeon)

   It affects your strength (+2).
   It affects your dexterity (+2).
   It protects you from negative energy.
 H - a +0 kite shield (worn)
Jewellery
 d - an amulet of faith (around neck)
 u - a +6 ring of dexterity (left branch)
 F - a +4 ring of evasion (right branch)
Wands
 g - a wand of digging (8)
 p - a wand of enslavement (7)
 y - a wand of polymorph (7)
Scrolls
 a - a scroll of brand weapon
 h - 5 scrolls of remove curse
 l - 3 scrolls of teleportation
Potions
 k - 2 potions of magic
 o - a potion of cancellation
 x - 2 potions of lignification
 D - a potion of brilliance


   Skills:
 + Level 8.6 Fighting
 + Level 11.8 Axes
 + Level 5.9 Armour
 + Level 6.2 Dodging
 + Level 4.0 Stealth
 + Level 2.2 Shields


You had 10 spell levels left.
You didn't know any spells.
Your spell library contained the following spells:

 Spells                   Type           Power        Failure   Level
 Corona                   Hex            0%           98%         1
 Ensorcelled Hibernation  Hex/Ice        0%           99%         2
 Confusing Touch          Hex            0%           100%        3
 Dazzling Flash           Conj/Hex       0%           100%        3
 Gell's Gravitas          Tloc           0%           100%        3
 Tukima's Dance           Hex            0%           100%        3
 Petrify                  Tmut/Erth      0%           100%        4
 Metabolic Englaciation   Hex/Ice        0%           100%        5
 Yara's Violent Unravell  Hex/Tmut       0%           100%        5


Dungeon Overview and Level Annotations

Branches:
Dungeon (9/15)             Temple (0/1) D:7             Orc (2/2) D:9
    Elf (0/3) Orc:2
   Lair: D:8-11

Altars:
Elyvilon
Gozag
Nemelex Xobeh
Okawaru
Qazlal
Ru
Sif Muna
Beogh


Innate Abilities, Weirdness & Mutations

((You have hooves in place of feet.))
((You are partially covered in yellow scales. (AC +2)))
A demonic guardian rushes to your aid.
((You are mostly covered in sharp spines.))
You are dopey. (Int -2)


Message History

You barely miss the orc high priest.
The orc high priest is lightly wounded.
You hit the warg but do no damage. x2
Your orange demon disappears in a puff of smoke!
The warg bites you.
* * * LOW HITPOINT WARNING * * *
The warg bites you.
* * * LOW HITPOINT WARNING * * *
The orc high priest hits you but does no damage.
The orc priest miscasts a cantrip.
The orc priest calls down the wrath of Beogh upon you.
Beogh smites you!
* * * LOW HITPOINT WARNING * * *
You block the warg's attack.
An orc priest comes into view. It is wielding a -3 falchion.
The orc high priest mumbles some strange prayers to Beogh against you.
Beogh smites you!
* * * LOW HITPOINT WARNING * * *
The warg bites you.
You die... #..# # #..# .# #..###.## #.§...... ##§.o..... §4oo8o..8 #oho.oo..

#♣h# . #. #§3# .. #.
#..# .#. . #.. #..# #..
..#..######..#####
......#.................
....#...................
........###...##########
......#..###.##


You could see 2 orc high priests, a rust devil (summoned), 2 wargs, 3 orc
priests, 3 orcs and a friendly soul eater (summoned).

Vanquished Creatures
  A two-headed ogre (D:8)
  An orc high priest (Orc:1)
  The ghost of teolandon225 the Cleaver, a novice MiBe of Trog (D:7)
  An orc sorcerer (Orc:2)
  A cyclops (Orc:1)
  Maggie (D:8)
  3 trolls
  A hornet (D:7)
  3 wargs
  12 orc warriors
  2 sky beasts
  2 black bears
  6 ogres
  4 centaurs
  3 bullfrogs
  2 big kobolds (D:9)
  Blork the orc (D:4)
  2 gnoll sergeants (D:9)
  A scorpion (D:7)
  6 killer bees (D:7)
  3 wights (D:6)
  2 howler monkeys
  A bullfrog skeleton (D:4)
  2 hounds (D:6)
  A jelly (D:8)
  20 orc priests
  15 orc wizards
  4 iguanas
  5 worker ants
  A hound skeleton (D:9)
  A hound zombie (D:6)
  A worker ant zombie (D:7)
  Robin (D:4)
  A howler monkey skeleton (D:4)
  8 adders
  6 gnolls
  A shadow imp (D:5)
  3 white imps
  An ufetubus (D:5)
  An ooze (D:3)
  An adder zombie (D:9)
  An adder skeleton (D:9)
  2 worms
  3 dart slugs
  4 leopard geckos
  59 orcs
  5 ball pythons
  11 bats
  4 giant cockroaches
  14 goblins
  6 hobgoblins
  12 jackals
  10 kobolds
  5 quokkas
  6 frilled lizards
  A quokka skeleton (D:5)
  6 rats
282 creatures vanquished.

Vanquished Creatures (collateral kills)
  An ettin (Orc:2)
  A two-headed ogre (D:8)
  An orc knight (Orc:2)
  A troll (Orc:1)
  2 wargs (Orc:2)
  5 orc warriors
  3 ogres
  5 orc priests
  An orc wizard (Orc:1)
  Ijyb (D:5)
  A gnoll (D:9)
  7 orcs
29 creatures vanquished.

Vanquished Creatures (others)
  An orc warrior (Orc:1)
  An orc (Orc:2)
  3 fungi (D:5)
  7 plants (D:5)
12 creatures vanquished.

Grand Total: 323 creatures vanquished

Notes
Turn   | Place    | Note
-------+----------+-------------------------------------------
     0 | D:1      | raceaflais the Demonspawn Berserker began the quest for the
                  | Orb.
     0 | D:1      | Reached XP level 1. HP: 18/18 MP: 1/1
   364 | D:1      | Gained mutation: You have large cloven feet. [demonic
                  | ancestry]
   364 | D:1      | Reached XP level 2. HP: 24/24 MP: 2/2
   377 | D:1      | Reached skill level 3 in Axes
  1203 | D:2      | Gained mutation: You are partially covered in sharp spines.
                  | [demonic ancestry]
  1203 | D:2      | Reached XP level 3. HP: 27/29 MP: 3/3
  1252 | D:2      | Found an opulent altar of Gozag.
  1643 | D:2      | Gained mutation: You are mostly covered in sharp spines.
                  | [demonic ancestry]
  1643 | D:2      | Reached XP level 4. HP: 28/37 MP: 4/4
  1644 | D:2      | Reached ** piety under Trog
  2251 | D:2      | Found a faded altar of an unknown god.
  2360 | D:2      | You fall into a shaft and drop 1 floor!
  2436 | D:3      | Reached skill level 4 in Axes
  2436 | D:3      | Gained mutation: You have hoof-like feet. [demonic
                  | ancestry]
  2436 | D:3      | Reached XP level 5. HP: 40/42 MP: 5/5
  2475 | D:3      | Found a sparkling altar of Nemelex Xobeh.
  2546 | D:3      | Reached *** piety under Trog
  2701 | D:3      | Found an opulent altar of Gozag.
  3028 | D:4      | Noticed Blork the orc
  3039 | D:4      | Killed Blork the orc
  3040 | D:4      | Gained mutation: You have hooves in place of feet. [demonic
                  | ancestry]
  3040 | D:4      | Reached XP level 6. HP: 43/49 MP: 6/6
  3095 | D:4      | Noticed Robin
  3106 | D:4      | Killed Robin
  3417 | D:4      | Noticed a sky beast
  3422 | D:4      | Killed a sky beast
  3423 | D:4      | Reached skill level 5 in Axes
  3423 | D:4      | Reached skill level 1 in Stealth
  3566 | D:4      | Reached **** piety under Trog
  3577 | D:4      | Gained mutation: A weak demonic guardian rushes to your
                  | aid. [demonic ancestry]
  3577 | D:4      | Reached XP level 7. HP: 37/55 MP: 7/7
  4074 | D:5      | Entered Level 5 of the Dungeon
  4189 | D:5      | Noticed Ijyb
  4200 | D:5      | Killed Ijyb
  4255 | D:5      | Reached skill level 6 in Axes
  4504 | D:5      | Found a sacrificial altar of Ru.
  4800 | D:5      | Reached ***** piety under Trog
  4904 | D:6      | Reached skill level 5 in Fighting
  4911 | D:6      | Reached XP level 8. HP: 55/62 MP: 8/8
  5183 | D:6      | Received a gift from Trog
  5192 | D:6      | Got a pair of brightly glowing boots
  5193 | D:6      | Identified the +0 pair of boots "Zenougil" {rN+ Str+2
                  | Dex+2} (You found it on level 6 of the Dungeon)
  5237 | D:6      | Reached skill level 7 in Axes
  5403 | D:6      | Found a shimmering blue altar of Sif Muna.
  5673 | D:7      | Found an iron altar of Okawaru.
  5982 | D:7      | Found a staircase to the Ecumenical Temple.
  6017 | D:7      | Found a transporter.
  6017 | D:7      | Noticed teolandon225's ghost (novice MiBe)
  6021 | D:7      | Noticed a hornet
  6022 | D:7      | Found a transporter.
  6113 | D:7      | Killed teolandon225's ghost
  6114 | D:7      | Reached skill level 8 in Axes
  6114 | D:7      | Reached skill level 5 in Armour
  6114 | D:7      | Gained mutation: You are partially covered in yellow
                  | scales. (AC +2) [demonic ancestry]
  6114 | D:7      | Reached XP level 9. HP: 68/71 MP: 3/9
  6949 | D:8      | Noticed a two-headed ogre
  6956 | D:8      | Killed a two-headed ogre
  6957 | D:8      | Reached skill level 9 in Axes
  6957 | D:8      | Reached skill level 5 in Dodging
  7157 | D:8      | Noticed Maggie
  7163 | D:8      | Killed Maggie
  7164 | D:8      | Gained mutation: A demonic guardian rushes to your aid.
                  | [demonic ancestry]
  7164 | D:8      | Reached XP level 10. HP: 79/79 MP: 3/10
  7239 | D:8      | Found an iron altar of Okawaru.
  7242 | D:8      | Found a stormy altar of Qazlal.
  7274 | D:8      | Noticed a two-headed ogre
  7278 | D:8      | Killed a two-headed ogre
  8367 | D:9      | Found a white marble altar of Elyvilon.
  8530 | D:9      | Found a staircase to the Orcish Mines.
  8534 | D:9      | Reached skill level 10 in Axes
  8542 | D:9      | Received a gift from Trog
  8558 | D:9      | Got a masterwork broad axe {god gift}
  8577 | D:9      | Identified the +0 broad axe "Exkumak" {vorpal, Stlth+}
                  | (Trog gifted it to you on level 9 of the Dungeon)
  9384 | Orc:1    | Entered Level 1 of the Orcish Mines
  9386 | Orc:1    | Noticed a cyclops
  9397 | Orc:1    | Killed a cyclops
  9402 | Orc:1    | Reached skill level 11 in Axes
 10147 | Orc:1    | Received a gift from Trog
 10159 | Orc:1    | Reached XP level 11. HP: 52/86 MP: 11/11
 10385 | Orc:1    | Found a roughly hewn altar of Beogh.
 10385 | Orc:1    | Noticed an orc high priest
 10389 | Orc:1    | Noticed a soul eater
 10395 | Orc:1    | Reached skill level 1 in Shields
 10395 | Orc:1    | Noticed a sun demon
 10401 | Orc:1    | Killed an orc high priest
 10863 | Orc:2    | Entered Level 2 of the Orcish Mines
 10867 | Orc:2    | Found a staircase to the Elven Halls.
 10889 | Orc:2    | Noticed an orc knight
 10899 | Orc:2    | Killed an orc knight
 11024 | Orc:2    | Noticed an ettin
 11032 | Orc:2    | Killed an ettin
 11421 | Orc:2    | Noticed an orc sorcerer
 11516 | Orc:2    | Killed an orc sorcerer
 11634 | Orc:2    | Noticed an orc high priest
 11648 | Orc:2    | Noticed an orc high priest
 11650 | Orc:2    | Gained mutation: You are dopey. (Int -2) [a neqoxec]
 11654 | Orc:2    | HP: 5/130 [orc high priest/divine providence (10)]
 11654 | Orc:2    | Slain by a warg

Illustrated notes

Levels and vault maps discovered:
D:1:      dpeg_arrival_rooms_b, layout_loops_ring
D:2:      layout_rooms, nicolae_overflow_crystal_walls,
          chequers_ecumenical_altar_grove
D:3:      layout_rooms, nemelex_xobeh_ov_fountains_minmay,
          nicolae_gozag_seed_capital
D:4:      minmay_spotlight, layout_basic, uniq_robin, uniq_blork_the_orc
D:5:      layout_gridville, nicolae_ru_the_path_less_chosen, uniq_ijyb
D:6:      layout_basic, tgw_sif
D:7:      layout_loops_corners, temple_fountains, gammafunk_ghost_hive,
          okawaru_trees_1
D:8:      layout_basic, grunt_temple_overflow_open, uniq_maggie
D:9:      layout_long_grid, kennysheep_orc_monster_closet_entryway,
          elyvilon_altar_1
Orc:1:    layout_caves, kennysheep_orc_chapel
Orc:2:    st_orc_town, layout_caves, basic_altar

Skill      XL: |  1  2  3  4  5  6  7  8  9 10 11 |
---------------+----------------------------------+-----
Axes           | 3 4 5 6 8 9 11 | 11.8
Dodging        | 2 3 4 5 6 |  6.2
Armour         | 2 3 5 |  5.9
Fighting       | 4 5 6 7 8 |  8.6
Stealth        | 1 3 4 |  4.0
Shields        | 2 |  2.2

Action                   |  1- 3 |  4- 6 |  7- 9 | 10-12 || total
-------------------------+-------+-------+-------+-------++-------
Melee: Hand axe          |    89 |   126 |   139 |       ||   354
       Kick              |    16 |    30 |    71 |    58 ||   175
       Broad axe         |       |       |    60 |   168 ||   228
Invok: Berserk           |     1 |     3 |     7 |    10 ||    21
  Use: Scroll            |       |     8 |    10 |     9 ||    27
       Potion            |       |     2 |     3 |    13 ||    18
 Stab: Sleeping          |       |       |       |     7 ||     7
       Distracted        |       |       |       |     3 ||     3
Armor: Animal skin       |    15 |       |       |       ||    15
       Leather armour    |    11 |    13 |       |       ||    24
       Ring mail         |       |    10 |    77 |     2 ||    89
       Skin              |       |       |     3 |    41 ||    44
       Steam dragon scal |       |       |       |    41 ||    41
Dodge: Dodged            |    63 |    64 |    98 |   129 ||   354
Block: Kite shield       |       |       |       |    70 ||    70
